 Dungeon Crawl Stone Soup version 0.19.1 (webtiles) character file.

1526 theRoog the Spear-Bearer (level 8, -6/71 HPs)
             Began as a Minotaur Berserker on Dec 5, 2016.
             Was a Priest of Trog.
             Mangled by a troll (10 damage)
             ... on level 7 of the Dungeon.
             The game lasted 00:08:41 (5329 turns).

theRoog the Spear-Bearer (Minotaur Berserker)       Turns: 5329, Time: 00:08:41

Health: -6/71      AC: 11    Str: 25    XL:     8   Next: 54%
Magic:  7/7        EV:  9    Int:  4    God:    Trog [***...]
Gold:   158        SH:  0    Dex:  9    Spells: 0 memorised, 7 levels left

rFire  x . .     SeeInvis .     H - +0 long sword
rCold  + . .     Gourm    .     f - +1 chain mail
rNeg   . . .     Faith    .     (no shield)
rPois  .         Spirit   .     (helmet restricted)
rElec  .         Reflect  .     (no cloak)
rCorr  .         Harm     .     (no gloves)
MR     .....                    (no boots)
Stlth  ..........               (no amulet)
                                (no ring)
                                n - ring of ice

@: exhausted, slowed, very slow
A: retaliatory headbutt, horns 2
a: Berserk, Trog's Hand, Burn Spellbooks, Renounce Religion


You were on level 7 of the Dungeon.
You worshipped Trog.
Trog was most pleased with you.
You were not hungry.

You visited 1 branch of the dungeon, and saw 7 of its levels.
You also visited: Ossuary.

You collected 158 gold pieces.

Inventory:

Hand Weapons
 a - a +0 spear
 e - a +0 spear
 o - a +0 scythe
 H - a +0 long sword (weapon)
 I - a +0 trident
Armour
 b - a +0 animal skin
 f - a +1 chain mail (worn)
Jewellery
 n - a ring of ice (left hand)
 u - an uncursed ring of protection from cold {unknown}
 w - an uncursed ring of see invisible {unknown}
Wands
 m - a wand of iceblast (5/15)
 r - a wand of random effects (30/48)
 G - a wand of flame (20/48)
Scrolls
 g - 3 scrolls of fear
 h - 2 scrolls of amnesia
 i - a scroll of recharging
 l - 4 scrolls of remove curse
 q - 4 scrolls of teleportation
 y - 6 scrolls of identify
 E - a scroll of immolation {unknown}
 F - a scroll of enchant weapon {unknown}
Potions
 d - a potion of cure mutation
 k - a potion of resistance
 p - 5 potions of curing
 s - a potion of might
 t - 3 potions of mutation {unknown}
 v - a potion of ambrosia {unknown}
 z - a potion of agility {unknown}
 A - 2 potions of invisibility {unknown}
 B - 2 potions of degeneration {unknown}
 D - 2 potions of haste {unknown}
Comestibles
 c - a bread ration
 j - 3 meat rations
 x - a beef jerky
 C - 2 royal jellies


   Skills:
 + Level 6.6 Fighting
 + Level 9.8 Polearms
 + Level 6.9 Armour
 + Level 3.0 Dodging
 + Level 0.6 Stealth


You had 7 spell levels left.
You didn't know any spells.

Dungeon Overview and Level Annotations

Branches:
Dungeon (7/15)             Temple (0/1) D:4

Altars:
Elyvilon
Gozag
Sif Muna
Trog
Vehumet
Xom
Yredelemnul
Zin

Shops:
D:4 %?*}

Annotations:
D:4 Natasha


Innate Abilities, Weirdness & Mutations

You reflexively headbutt those who attack you in melee.
You have a pair of horns on your head.


Message History

* * * LOW HITPOINT WARNING * * *
The troll completely misses you. The troll barely misses you.
You hit the troll.
The troll is severely wounded.
The troll bites you!
* * * LOW HITPOINT WARNING * * *
The troll claws you.
* * * LOW HITPOINT WARNING * * *
The troll claws you.
* * * LOW HITPOINT WARNING * * *
You are too berserk!
You feel a strong urge to attack something.
You feel your anger subside.
You are no longer berserk.
You are exhausted.
You feel yourself slow down. The troll bites you but does no damage.
The troll claws you but does no damage. The troll barely misses you.
The troll bites you!
You die...

#.# #....... #.#
#.†####. #.# #..#
... #.# #..#....
#.# #..#.... #.#
##.. #.# ##.# #.#
#..# #@# #..#
##T#########..####.
#..................
##############....#
....# ....# ....#
....# #####


You could see a troll.

Vanquished Creatures
  Grinder (D:5)
  Sigmund (D:2)
  Menkaure (D:5)
  The ghost of buriedalive the Firebug, an amateur DEFE (Ossuary)
  A phantom (D:4)
  A centaur (D:6)
  An ogre (D:6)
  Blork the orc (D:5)
  2 bullfrogs (D:6)
  2 scorpions
  2 howler monkeys
  A hound (D:5)
  A centaur skeleton (D:4)
  2 iguanas
  2 worker ants (D:5)
  4 mummies (Ossuary)
  A worker ant zombie (D:5)
  Robin (D:3)
  4 adders
  An ooze (D:1)
  An adder zombie (D:6)
  3 worms
  A dart slug (D:2)
  A leopard gecko (D:1)
  2 orcs
  2 bats
  4 giant cockroaches
  13 goblins
  3 hobgoblins (D:3)
  3 kobolds (D:2)
  A quokka (D:4)
  2 frilled lizards
  5 gnoll skeletons (Ossuary)
  2 gnoll zombies (Ossuary)
  4 goblin skeletons (Ossuary)
  2 goblin zombies (Ossuary)
  3 hobgoblin skeletons (Ossuary)
  5 hobgoblin zombies (Ossuary)
  A jackal zombie (D:5)
  2 kobold skeletons (Ossuary)
  4 kobold zombies (Ossuary)
  A leopard gecko skeleton (D:6)
  2 orc skeletons (Ossuary)
  2 orc zombies (Ossuary)
  A quokka skeleton (D:6)
  A quokka zombie (D:6)
  5 rats
  2 rat skeletons (Ossuary)
  5 rat zombies (Ossuary)
114 creatures vanquished.

Vanquished Creatures (others)
  2 gnoll skeletons (Ossuary)
  3 goblin skeletons (Ossuary)
  A goblin zombie (Ossuary)
  A hobgoblin skeleton (Ossuary)
  A hobgoblin zombie (Ossuary)
  2 kobold zombies (Ossuary)
  A rat skeleton (Ossuary)
  A rat zombie (Ossuary)
12 creatures vanquished.

Grand Total: 126 creatures vanquished

Notes
Turn   | Place    | Note
-------+----------+-------------------------------------------
     0 | D:1      | theRoog the Minotaur Berserker began the quest for the Orb.
     0 | D:1      | Reached XP level 1. HP: 19/19 MP: 0/0
   132 | D:1      | Reached XP level 2. HP: 27/27 MP: 1/1
   736 | D:2      | Reached skill level 4 in Polearms
   983 | D:2      | Noticed Sigmund
   999 | D:2      | Killed Sigmund
   999 | D:2      | Reached skill level 5 in Polearms
   999 | D:2      | Reached XP level 3. HP: 16/35 MP: 2/2
   999 | D:2      | Reached XP level 4. HP: 19/41 MP: 3/3
   999 | D:2      | Reached XP level 5. HP: 22/47 MP: 4/4
  1208 | D:2      | Found a faded altar of an unknown god.
  1208 | D:2      | Found a faded altar of an unknown god.
  1213 | D:2      | Found a faded altar of an unknown god.
  1216 | D:2      | Found a shimmering altar of Xom.
  1217 | D:2      | Found a faded altar of an unknown god.
  1343 | D:3      | Noticed Robin
  1362 | D:3      | Killed Robin
  1362 | D:3      | Reached ** piety under Trog
  1497 | D:3      | Found an opulent altar of Gozag.
  1897 | D:3      | Noticed a moth of wrath
  1899 | D:3      | Found a bloodstained altar of Trog.
  2070 | D:4      | Found a basalt altar of Yredelemnul.
  2083 | D:4      | Reached skill level 5 in Fighting
  2092 | D:4      | Reached XP level 6. HP: 51/56 MP: 5/5
  2130 | D:4      | Reached skill level 6 in Polearms
  2137 | D:4      | Found Feamp's Gadget Shop.
  2173 | D:4      | Reached skill level 5 in Armour
  2296 | D:4      | Found a staircase to the Ecumenical Temple.
  2373 | D:4      | Noticed Natasha
  2438 | D:4      | Found Nuisan's Magic Scroll Boutique.
  2666 | D:4      | Found Pocupp's General Store.
  2824 | D:4      | Found Hailyat's Food Emporium.
  2975 | D:5      | Entered Level 5 of the Dungeon
  3038 | D:5      | Noticed Blork the orc
  3052 | D:5      | Killed Blork the orc
  3052 | D:5      | Reached XP level 7. HP: 50/61 MP: 6/6
  3064 | D:5      | Found a sand-covered staircase.
  3076 | Ossuary  | Entered an ossuary
  3252 | Ossuary  | Reached *** piety under Trog
  3308 | Ossuary  | Noticed buriedalive's ghost (amateur DEFE)
  3319 | Ossuary  | Killed buriedalive's ghost
  3319 | Ossuary  | Received a gift from Trog
  3319 | Ossuary  | Reached skill level 7 in Polearms
  3515 | D:5      | Noticed Menkaure
  3522 | D:5      | Killed Menkaure
  3649 | D:5      | Reached skill level 8 in Polearms
  3742 | D:5      | Noticed Grinder
  3761 | D:5      | Killed Grinder
  3761 | D:5      | Reached XP level 8. HP: 68/70 MP: 7/7
  4438 | D:6      | Reached skill level 9 in Polearms
  4704 | D:6      | Found a white marble altar of Elyvilon.
  4811 | D:6      | Found a radiant altar of Vehumet.
  4811 | D:6      | Found a glowing silver altar of Zin.
  5100 | D:6      | Found a deep blue altar of Sif Muna.
  5306 | D:7      | Noticed a troll
  5317 | D:7      | HP: 5/106 [troll (5)]
  5317 | D:7      | HP: 1/106 [troll (4)]
  5329 | D:7      | Mangled by a troll

Skill      XL: |  1  2  3  4  5  6  7  8 |
---------------+-------------------------+-----
Polearms       | 5 6 8 9 |  9.8
Fighting       | 4 5 6 |  6.6
Armour         | 3 4 5 6 |  6.9
Dodging        | 3 |  3.0
Stealth        | |  0.6

Action                   |  1- 3 |  4- 6 |  7- 9 || total
-------------------------+-------+-------+-------++-------
Melee: Spear             |    44 |   141 |   208 ||   393
       Headbutt          |     7 |    28 |    39 ||    74
       Long sword        |       |       |    11 ||    11
Invok: Berserk           |     1 |       |     2 ||     3
       Burn Spellbooks   |       |       |     2 ||     2
  Use: Scroll            |       |    11 |     1 ||    12
       Potion            |       |       |     1 ||     1
  Eat: Bread ration      |       |     2 |     2 ||     4
Armor: Animal skin       |     1 |       |       ||     1
       Chain mail        |     8 |    52 |    63 ||   123
Dodge: Dodged            |    10 |    48 |    58 ||   116
